 Dungeon Crawl Stone Soup version 0.20-a0-61-ga1b20b4 (webtiles) character file.

595 Zenonira the Shield-Bearer (level 7, -2/52 HPs)
             Began as a Formicid Fighter on Nov 18, 2016.
             Slain by KristoblXynda's ghost (15 damage)
             ... on level 5 of the Dungeon.
             The game lasted 00:08:27 (4487 turns).

Zenonira the Shield-Bearer (Formicid Fighter)       Turns: 4487, Time: 00:08:28

Health: -2/52      AC:  6    Str: 25    XL:     7   Next: 67%
Magic:  7/7        EV:  9    Int:  8    God:
Gold:   216        SH: 15    Dex: 12    Spells: 0 memorised, 6 levels left

rFire  + . .     SeeInvis +     a - +0 war axe
rCold  . . .     Gourm    .     b - +0 scale mail
rNeg   . . .     Faith    .     c - +0 shield
rPois  .         Spirit   .     (helmet unavailable)
rElec  .         Reflect  +     (no cloak)
rCorr  .         Harm     .     (no gloves)
MR     .....                    (no boots)
Stlth  ..........               w - +4 amulet of reflection
                                z - +2 ring of slaying
                                x - ring of protection from fire

@: mighty
A: permanent stasis, dig shafts and tunnels, four strong arms, antennae 3
a: Dig, Shaft Self


You were on level 5 of the Dungeon.
You were not hungry.

You visited 1 branch of the dungeon, and saw 5 of its levels.

You collected 216 gold pieces.

Inventory:

Hand Weapons
 a - a +0 war axe (weapon)
 g - a +1 hand axe of flaming
 y - a +0 war axe
Armour
 b - a +0 scale mail (worn)
 c - a +0 shield (worn)
Jewellery
 w - a +4 amulet of reflection (around neck)
 x - a ring of protection from fire (left hand)
 z - a +2 ring of slaying (right hand)
Scrolls
 h - 5 scrolls of identify {unknown}
 j - 4 scrolls of blinking {unknown}
 l - 5 scrolls of fog {unknown}
 o - a scroll of teleportation {unknown}
 r - 3 scrolls of remove curse {unknown}
 s - a scroll of immolation {unknown}
 u - a scroll of enchant weapon {unknown}
 v - 2 scrolls of amnesia {unknown}
Potions
 e - a potion of flight {unknown}
 i - 2 potions of agility {unknown}
 k - 3 potions of curing {unknown}
 n - a potion of cure mutation {unknown}
 p - a potion of resistance {unknown}
 q - a potion of mutation {unknown}
 A - a potion of invisibility {unknown}
Comestibles
 f - 3 bread rations
 m - 3 royal jellies
 t - a slice of pizza


   Skills:
 - Level 3.2 Fighting
 + Level 5.7 Axes
 - Level 3.2 Armour
 + Level 7.6 Shields


You had 6 spell levels left.
You didn't know any spells.

Dungeon Overview and Level Annotations

Branches:
Dungeon (5/15)
 Temple: D:4-7

Altars:
Dithmenos

Annotations:
D:5 KristoblXynda's ghost, amateur DDFi; Prince Ribbit


Innate Abilities, Weirdness & Mutations

You are under a permanent stasis effect.
You can dig through walls and to a lower floor.
Your four strong arms can wield two-handed weapons with a shield.
You have a pair of large antennae on your head. (SInv)


Message History

KristoblXynda's ghost is moderately damaged.
KristoblXynda's ghost hits you. KristoblXynda's ghost hits you!
You barely miss KristoblXynda's ghost.
KristoblXynda's ghost is moderately damaged.
KristoblXynda's ghost hits you!
You hit KristoblXynda's ghost.
KristoblXynda's ghost is moderately damaged.
KristoblXynda's ghost hits you.
You feel very mighty all of a sudden.
You block KristoblXynda's ghost's attack.
You slash KristoblXynda's ghost!
KristoblXynda's ghost is heavily damaged.
KristoblXynda's ghost shouts, "Do you think the gods will protect you?"
You block KristoblXynda's ghost's attack.
You slice KristoblXynda's ghost!!
KristoblXynda's ghost is almost destroyed.
KristoblXynda's ghost hits you!
* * * LOW HITPOINT WARNING * * *
KristoblXynda's ghost hits you!
You die... o

{.### ..# ..#
#.# #%# .#. .#
. #.###
.#.###.###.
#.#W##
.......##..
#.{#@#
.......##.#
#.####
.......##.# #.#
.......##.# #)#
......###.###.#
......o...W.o.#
...(..........#
#..##.#########
#...#.#


You could see KristoblXynda's ghost.

Vanquished Creatures
  An ogre (D:5)
  A big kobold (D:4)
  A scorpion (D:4)
  A howler monkey (D:4)
  2 orc priests
  A centaur skeleton (D:5)
  An iguana (D:4)
  Jessica (D:2)
  2 orc wizards (D:4)
  A howler monkey skeleton (D:3)
  5 adders
  An adder zombie (D:5)
  2 worms (D:3)
  3 dart slugs (D:2)
  2 leopard geckos
  14 orcs
  2 ball pythons
  5 giant cockroaches
  4 goblins
  8 hobgoblins
  2 jackals (D:3)
  2 quokkas
  3 bats
  4 frilled lizards
  10 kobolds
  7 rats
86 creatures vanquished.

Notes
Turn   | Place    | Note
-------+----------+-------------------------------------------
     0 | D:1      | Zenonira the Formicid Fighter began the quest for the Orb.
     0 | D:1      | Reached XP level 1. HP: 18/18 MP: 1/1
   173 | D:1      | Reached XP level 2. HP: 22/24 MP: 2/2
   345 | D:1      | Reached skill level 4 in Shields
   693 | D:2      | Reached XP level 3. HP: 29/29 MP: 3/3
   866 | D:2      | Noticed Jessica
   879 | D:2      | Killed Jessica
   879 | D:2      | Reached XP level 4. HP: 31/35 MP: 4/4
  1854 | D:3      | Reached skill level 5 in Shields
  1870 | D:3      | Reached XP level 5. HP: 7/41 MP: 5/5
  2477 | D:3      | You fall through a shaft for 2 floors!
  2477 | D:5      | Entered Level 5 of the Dungeon
  3161 | D:4      | Reached XP level 6. HP: 45/47 MP: 6/6
  3188 | D:4      | Reached skill level 6 in Shields
  3581 | D:4      | Reached skill level 5 in Axes
  3581 | D:4      | Reached XP level 7. HP: 45/52 MP: 7/7
  3608 | D:4      | Found a shadowy altar of Dithmenos.
  4186 | D:4      | Reached skill level 7 in Shields
  4248 | D:5      | Noticed Prince Ribbit
  4466 | D:5      | Noticed KristoblXynda's ghost (amateur DDFi)
  4487 | D:5      | Slain by KristoblXynda's ghost

Vault maps used:
D:1:      sevenhm_arrival_forest_fort_small_4, minmay_circled_x
D:2:      first_bread, uniq_jessica
D:3:      kennysheep_generic_room_13
D:4:      minmay_misc_feat_columns, grunt_dithmenos_smoke
D:5:      basic_altar, serial_shops, shop, uniq_prince_ribbit1

Skill      XL: |  1  2  3  4  5  6  7 |
---------------+----------------------+-----
Shields        | 4 5 6 7 |  7.6
Axes           | 3 4 5 |  5.7
Fighting       | |  3.2
Armour         | |  3.2

Action                   |  1- 3 |  4- 6 |  7- 9 || total
-------------------------+-------+-------+-------++-------
Melee: War axe           |    76 |   181 |    81 ||   338
 Abil: Dig               |       |     2 |     2 ||     4
  Use: Potion            |       |       |     1 ||     1
  Eat: Chunk             |       |     9 |     3 ||    12
Armor: Scale mail        |    44 |    57 |     9 ||   110
Dodge: Dodged            |    35 |    58 |    15 ||   108
Block: Shield            |    45 |    93 |    42 ||   180
